 Dungeon Crawl Stone Soup version 0.31-a0-1001-g770356a28f (webtiles) character file.

Game seed: 4281694745146030601

1408 Maratek the Chopper (level 8, -4/93 HPs)
             Began as a Demonspawn Fighter on Nov 8, 2023.
             Was a Follower of Trog.
             Slain by a wyvern (18 damage)
             ... on level 6 of the Dungeon.
             The game lasted 00:06:45 (4146 turns).

Maratek the Chopper (Demonspawn Fighter)            Turns: 4146, Time: 00:06:46

Health: -4/93      AC:  8    Str: 20    XL:     8   Next: 42%
Magic:  8/8        EV:  8    Int: 16    God:    Trog [*.....]
Gold:   314        SH:  4    Dex: 12    Spells: 7/7 levels left

rFire   . . .        a - +1 war axe
rCold   . . .        (no shield)
rNeg    + . .        m - +3 chain mail {rN+}
rPois   +            t - +0 helmet
rElec   .            (no cloak)
rCorr   .            (no gloves)
SInv    +            l - +1 pair of boots "Ahicuch" {Harm rPois Str+2 Int+5}
Will    .....        (no amulet) Stlth
                     u - ring of see invisible
HPRegen 0.35/turn    (no ring)
MPRegen 0.11/turn

%: harm (+30% outgoing, +20% incoming)
@: berserking, corroded, very quick
A: claws 1, large bone plates 1, spiny 2
a: Renounce Religion, Berserk


You were on level 6 of the Dungeon.
You worshipped Trog.
Trog was aware of your devotion.
You visited 2 branches of the dungeon, and saw 7 of its levels.

You collected 314 gold pieces.

Inventory:

Hand Weapons
 a - a +1 war axe (weapon)
Armour
 l - the +1 pair of boots "Ahicuch" (worn) {Harm rPois Str+2 Int+5}
   (You found it on level 4 of the Dungeon)

   Str+2:     It affects your strength (+2).
   Int+5:     It affects your intelligence (+5).
   rPois:     It protects you from poison Harm: It increases damage dealt and
   taken.
 m - a +3 chain mail of positive energy (worn)
 t - a +0 helmet (worn)
Jewellery
 n - a ring of ice
 u - a ring of see invisible (left claw)
Wands
 g - a wand of mindburst (6)
Scrolls
 c - a scroll of fog
 k - 2 scrolls of amnesia
 p - a scroll of immolation
 q - a scroll of teleportation
 r - a scroll of revelation {unknown}
 v - a scroll of torment
Potions
 d - a potion of might
 e - a potion of attraction
 f - 2 potions of mutation
 h - 2 potions of enlightenment
 i - a potion of heal wounds {unknown}
 j - a potion of resistance {unknown}
 o - 6 potions of curing {unknown}
 s - a potion of haste {unknown}


   Skills:
 + Level 5.2 Fighting
 + Level 6.8 Axes
 + Level 4.9 Armour
 + Level 1.7 Dodging
 + Level 1.2 Stealth
 + Level 3.7 Shields


You had 7 spell levels left.
You didn't know any spells.
Your spell library contained the following spells:

 Spells                   Type           Power      Damage    Failure   Level
 Freeze                   Ice            0%         1d3       87%         1
 Sublimation of Blood     Necr           0%         N/A       95%         2
 Wereblood                Tmut           0%         N/A       95%         2
 Frozen Ramparts          Ice            0%         1d1       99%         3
 Hailstorm                Conj/Ice       0%         3d3       99%         3
 Petrify                  Tmut/Erth      0%         N/A       100%        4
 Irradiate                Conj/Tmut      0%         3d11      100%        5
 Summon Hydra             Summ           0%         N/A       100%        7


Dungeon Overview and Level Annotations

Branches:
Dungeon (6/15)             Temple (1/1) D:5

Altars:
Cheibriados
Dithmenos
Gozag
Hepliaklqana
Kikubaaqudgha
Makhleb
Nemelex Xobeh
Qazlal
Ru
Sif Muna
Trog
Uskayaw
Vehumet
Wu Jian
Xom
Yredelemnul

Shops:
D:1 [   D:3 [   D:4 ((   D:5 *

Annotations:
D:4 1 runed translucent door, Graknight's ghost, amateur GrEE


Innate Abilities, Weirdness & Mutations

You have sharp fingernails.
You are partially covered in large bone plates. (SH +4)
You are mostly covered in sharp spines.


Message History

You are too injured to fight recklessly!
You are too injured to fight recklessly!
You are too injured to fight recklessly!
Unknown command.
You hit the wyvern.
The wyvern is heavily wounded.
The wyvern is struck by your spines. The wyvern bites you!
* * * LOW HITPOINT WARNING * * *
You hit the wyvern but do no damage.
The wyvern is heavily wounded.
The wyvern bites you but does no damage.
The wyvern barely misses you.
You closely miss the wyvern.
The wyvern is heavily wounded.
You closely miss the adder. The wyvern bites you.
* * * LOW HITPOINT WARNING * * *
The adder bites you.
* * * LOW HITPOINT WARNING * * *
You block the wyvern's attack.
A red film seems to cover your vision as you go berserk!
You feel yourself moving faster!
You feel mighty! The adder bites you but does no damage. The wyvern bites you.
* * * LOW HITPOINT WARNING * * *
The adder bites you but does no damage.
You hit the wyvern but do no damage.
The wyvern is heavily wounded.
You barely miss the adder. The wyvern is struck by your spines.
The wyvern bites you.
* * * LOW HITPOINT WARNING * * *
The adder is struck by your spines.
You kill the adder!
Trog accepts your kill.
You closely miss the wyvern.
The wyvern is almost dead.
The wyvern bites you.
* * * LOW HITPOINT WARNING * * *
You closely miss the wyvern.
The wyvern is almost dead.
The wyvern bites you!
You die...

#..... .....
#....?####.....
..............
#............
..........>.
#..........
#..l†....##### #...
#.>@.........# #...
###............# #...
#.............. #...
##.........<.# #...
#......?.....# #..~
#..$...##.##.#######...
#......##.##.......##..
####...##...######....#
#...####.#...##.####


You could see a wyvern.

Vanquished Creatures
  Edmund (D:5)
  Menkaure (D:4)
  An ice beast (D:5)
  2 sky beasts (D:6)
  A phantom (D:4)
  2 scorpions (D:4)
  A jelly (D:6)
  3 quasits (D:5)
  A hound (D:4)
  An orc priest (D:3)
  2 sleepcaps
  Terence (D:2)
  6 iguanas
  Robin (D:2)
  13 adders
  2 shadow imps (D:5)
  2 white imps
  4 ufetubi (D:5)
  A worm (D:2)
  A dart slug (D:1)
  8 orcs
  4 bats
  5 endoplasms
  3 giant cockroaches
  16 goblins
  7 hobgoblins
  4 quokkas
  5 ball pythons
  2 frilled lizards (D:1)
  6 kobolds
  3 rats
110 creatures vanquished.

Vanquished Creatures (others)
  A human (D:5)
1 creature vanquished.

Grand Total: 111 creatures vanquished

Notes
Turn   | Place    | Note
-------+----------+-------------------------------------------
     0 | D:1      | Maratek the Demonspawn Fighter began the quest for the Orb.
     0 | D:1      | Reached XP level 1. HP: 18/18 MP: 1/1
   164 | D:1      | Gained mutation: You are partially covered in sharp spines.
                  | [demonic ancestry]
   164 | D:1      | Reached XP level 2. HP: 20/24 MP: 2/2
   182 | D:1      | Found Pemiosyz's Antique Armour Shop.
   527 | D:2      | Gained mutation: You have sharp fingernails. [demonic
                  | ancestry]
   527 | D:2      | Reached XP level 3. HP: 28/29 MP: 3/3
   539 | D:2      | Reached skill level 2 in Axes
   643 | D:2      | Noticed Robin
   654 | D:2      | Killed Robin
   655 | D:2      | Reached XP level 4. HP: 29/37 MP: 4/4
   721 | D:2      | Noticed Terence
   742 | D:2      | Killed Terence
   743 | D:2      | Reached skill level 3 in Axes
   743 | D:2      | Found a faded altar of an unknown god.
  1245 | D:3      | Gained mutation: You are mostly covered in sharp spines.
                  | [demonic ancestry]
  1245 | D:3      | Reached XP level 5. HP: 8/42 MP: 5/5
  1961 | D:3      | Found Ugokiqeam's Antique Armour Shoppe.
  2088 | D:4      | Noticed Graknight's ghost (amateur GrEE)
  2091 | D:4      | Found a runed translucent door.
  2206 | D:4      | Identified the +1 pair of boots "Ahicuch" {Harm rPois Str+2
                  | Int+5}
  2243 | D:4      | Noticed a phantom
  2246 | D:4      | Found Enehiex's Weapon Boutique.
  2254 | D:4      | Killed a phantom
  2255 | D:4      | Reached skill level 4 in Axes
  2255 | D:4      | Reached skill level 1 in Dodging
  2255 | D:4      | Reached XP level 6. HP: 48/48 MP: 6/6
  2418 | D:4      | Found Ycets's Antique Weapon Shoppe.
  2473 | D:4      | Noticed Menkaure
  2479 | D:4      | Killed Menkaure
  2480 | D:4      | Reached skill level 5 in Axes
  2480 | D:4      | Gained mutation: You are partially covered in large bone
                  | plates. (SH +4) [demonic ancestry]
  2480 | D:4      | Reached XP level 7. HP: 19/54 MP: 7/7
  2649 | D:4      | Found a hazy altar of Hepliaklqana.
  2887 | D:5      | Entered Level 5 of the Dungeon
  2887 | D:5      | Noticed Edmund
  2887 | D:5      | Found a staircase to the Ecumenical Temple.
  2907 | D:5      | Killed Edmund
  2924 | Temple   | Entered the Ecumenical Temple
  2930 | Temple   | Became a worshipper of Trog the Wrathful
  3090 | D:5      | Found an ancient bone altar of Kikubaaqudgha.
  3090 | D:5      | Noticed a human
  3093 | D:5      | Killed a human
  3143 | D:5      | Reached skill level 6 in Axes
  3240 | D:5      | Found Maduad's Gadget Gallery.
  3259 | D:5      | Reached XP level 8. HP: 37/61 MP: 8/8
  3445 | D:5      | Reached skill level 1 in Stealth
  3854 | D:6      | Reached skill level 5 in Fighting
  3993 | D:6      | Found a shadowy altar of Dithmenos.
  3996 | D:6      | Found an opulent altar of Gozag.
  4001 | D:6      | Found a shimmering blue altar of Sif Muna.
  4011 | D:6      | Found a sparkling altar of Nemelex Xobeh.
  4124 | D:6      | Reached * piety under Trog
  4146 | D:6      | Slain by a wyvern

Illustrated notes

Levels and vault maps discovered:
D:1:      wander_arrival_fairy_ring, layout_rooms, serial_shops,
          nicolae_shop_trees
D:2:      layout_rooms, hellmonk_ecumenical_altar_blasted,
          minmay_misc_feat_enclosed, uniq_robin, uniq_terence
D:3:      minmay_spotlight, layout_loops_ring, serial_shops, shop
D:4:      layout_loops_cross, nicolae_hepliaklqana_hazy_memory, serial_shops,
          nicolae_shop_window_shopping, nicolae_shop_statue_plus,
          hellmonk_ghost_happy_afterlife, roderic_three_in_a_row, uniq_menkaure
D:5:      layout_loops_ring, tgw_kikubaaqudgha, minmay_temple_entry_slanted,
          serial_demonic, serial_demonic_f, serial_demonic_b, serial_demonic_d,
          serial_demonic_a, nicolae_shop_gadgets, uniq_edmund
D:6:      layout_basic, fedhas_altar_fruit_tree,
          mainiacjoe_overflow_surrounded_room, nemelex_altar_shiori,
          grunt_temple_overflow_diamond, ebering_dispersal_statue_hall,
          chequers_serial_rivers_micro_c, serial_bayou_pond_c,
          minmay_fountain_box, chequers_serial_rivers_large_b
Temple:   chequers_temple_sunken

Skill      XL: |  1  2  3  4  5  6  7  8 |
---------------+-------------------------+-----
Armour         | 3 4 |  4.9
Shields        | 3 |  3.7
Axes           | 2 3 4 5 6 |  6.8
Fighting       | 4 5 |  5.2
Dodging        | 1 |  1.7
Stealth        | 1 |  1.2

Action                     |  1- 3 |  4- 6 |  7- 9 || total
---------------------------+-------+-------+-------++-------
  Melee: War axe           |    64 |    76 |    78 ||   218
    Use: Scroll            |     3 |     4 |     6 ||    13
         Potion            |       |       |     1 ||     1
 Armour: Scale mail        |    58 |    12 |       ||    70
         Chain mail        |       |    40 |    77 ||   117
  Dodge: Dodged            |    23 |    33 |    31 ||    87
  Block: Buckler           |    12 |    13 |       ||    25
         Other             |       |       |    13 ||    13

Table legend: (Time is in decaauts)
 A = Elapsed time spent in this place.
 B = Non-inter-level travel time spent in this place.
 C = Inter-level travel time spent in this place.
 D = Time resting spent in this place.
 E = Time spent auto-exploring this place.
 F = Levels seen in this place.
 G = Mean time per level.
                   A        B        C        D        E       F      G
               +--------+--------+--------+--------+--------+-----+--------+
         Total |   4214 |   4070 |    144 |    100 |   3296 |   7 |  602.0 |
       Dungeon |   4201 |   4067 |    134 |    100 |   3296 |   6 |  700.2 |
        Temple |     12 |      2 |     10 |      0 |      0 |   1 |   12.0 |
               +--------+--------+--------+--------+--------+-----+--------+

Top non-repeatable levels by time:
     D:3: 972 daAuts
     D:5: 928 daAuts
     D:4: 828 daAuts
     D:2: 623 daAuts
     D:1: 520 daAuts
     D:6: 328 daAuts
  Temple: 12 daAuts
